 Dungeon Crawl Stone Soup version 0.24-a0-639-gb70a11d811 (webtiles) character file.

Game seed: 2802522022720918848, levelgen mode: deterministic

37 KristoblXynda the Conjurer (level 3, -1/28 HPs)
             Began as a Draconian Conjurer on Sept 21, 2019.
             Slain by a gnoll
             ... wielding a +0 spear
              (7 damage)
             ... on level 2 of the Dungeon.
             The game lasted 00:01:50 (1267 turns).

KristoblXynda the Conjurer (Draconian Conjurer)     Turns: 1267, Time: 00:01:50

Health: -1/28      AC:  7    Str: 10    XL:     3   Next: 23%
Magic:  1/6        EV: 12    Int: 16    God:
Gold:   79         SH:  0    Dex: 11    Spells: 6/7 levels left

rFire    . . .     SeeInvis .   m - +0 dagger
rCold    . . .     Gourm    .   (no shield)
rNeg     . . .     Faith    .   (armour unavailable)
rPois    .         Spirit   .   (helmet restricted)
rElec    .         Reflect  .   (no cloak)
rCorr    .         Harm     .   g - +1 pair of gloves
MR       .....                  (no boots)
Stlth    ++........             (no amulet)
HPRegen  0.09/turn              (no ring)
MPRegen  0.10/turn              (no ring)

@: no status effects
A: unfitting armour, cold-blooded, AC +5
a: no special abilities


You were on level 2 of the Dungeon.
You were hungry.

You visited 1 branch of the dungeon, and saw 2 of its levels.

You collected 79 gold pieces.

Inventory:

Hand Weapons
 m - a +0 dagger (weapon)
Armour
 g - a +1 pair of gloves (worn)
Jewellery
 c - an uncursed amulet of rage {unknown}
 n - a cursed -2 ring of protection {unknown}
Scrolls
 d - 2 scrolls of teleportation {unknown}
 e - 2 scrolls of noise {unknown}
 i - a scroll of immolation {unknown}
 k - 2 scrolls of enchant armour {unknown}
 l - a scroll of remove curse {unknown}
Potions
 a - 2 potions of magic {unknown}
 f - a potion of might {unknown}
 h - a potion of flight {unknown}
 j - a potion of haste {unknown}
Comestibles
 b - 4 rations


   Skills:
 + Level 1.1 Fighting
 - Level 2.0 Dodging
 - Level 1.7 Stealth
 + Level 2.5 Spellcasting
 + Level 4.3 Conjurations


You had 6 spell levels left.
You knew the following spells:

 Your Spells              Type           Power        Failure   Level  Hunger
a - Magic Dart            Conj           ###.         3%          1    #......

Your spell library contained the following spells:

 Spells                   Type           Power        Failure   Level  Hunger
 Searing Ray              Conj           ###...       4%          2    ##.....
 Dazzling Spray           Conj/Hex       #.....       24%         3    ###....
 Iskenderun's Mystic Bla  Conj           ###.....     32%         4    #####..
 Force Lance              Conj/Tloc      #.......     61%         4    #####..
 Fulminant Prism          Conj/Hex       #.........   61%         4    #####..


Dungeon Overview and Level Annotations

Branches:
Dungeon (2/15)

Altars:


Innate Abilities, Weirdness & Mutations

Your plain brown scales are hard. (AC +5)
You cannot fit into any form of body armour.
You are cold-blooded and may be slowed by cold attacks.


Message History

The goblin shouts!
You hear a shout!
You hear an angry hiss.
You hear a shout!
Found a scroll labeled UNAITE DOEB.
The gnoll misses you.
You closely miss the goblin. The goblin barely misses you.
The gnoll barely misses you.
You hit the goblin.
Your tail-slap misses the goblin.
The goblin is heavily wounded.
The goblin closely misses you.
A hobgoblin comes into view. It is wielding a +0 club.
The gnoll hits you from afar with a +0 spear.
You hit the goblin.
You kill the goblin!
The gnoll barely misses you.
You closely miss the hobgoblin. The hobgoblin hits you with a +0 club.
The gnoll hits you from afar with a +0 spear.
You closely miss the hobgoblin. The hobgoblin misses you.
The gnoll hits you from afar with a +0 spear!
* * * LOW HITPOINT WARNING * * *
The gnoll hits you from afar with a +0 spear!
You die...

.. ### # ..
..#.# ..
###.#. ≈ ..
.... ≈≈. ...
#g###.≈≈..
...
#.@.?....#
..
#.###....#
.. #g# ..#
## # #.# #
###
#.#'#####
...
#?##.......#
...
#..........#
...
#.##.......#
... #
#.......#
...


You could see a gnoll and a hobgoblin.

Vanquished Creatures
  2 gnolls (D:2)
  A worm (D:2)
  A leopard gecko (D:1)
  A giant cockroach (D:1)
  3 goblins
  A kobold (D:1)
  3 bats (D:1)
  A frilled lizard (D:2)
  5 rats
18 creatures vanquished.

Notes
Turn   | Place    | Note
-------+----------+-------------------------------------------
     0 | D:1      | KristoblXynda the Draconian Conjurer began the quest for
                  | the Orb.
     0 | D:1      | Reached XP level 1. HP: 14/14 MP: 3/3
   596 | D:1      | Reached XP level 2. HP: 19/20 MP: 1/5
  1251 | D:2      | Reached skill level 1 in Fighting
  1251 | D:2      | Reached XP level 3. HP: 23/28 MP: 0/6
  1267 | D:2      | Slain by a gnoll

Levels and vault maps discovered:
D:1:      dpeg_arrival_refuge, layout_loops_corners
D:2:      layout_basic, fedhas_altar_2

Skill      XL: |  1  2 |
---------------+-------+-----
Dodging        | 2 |  2.0
Fighting       | 1 |  1.1
Stealth        | |  1.7
Spellcasting   | |  2.5
Conjurations   | |  4.3

Action                   || total
-------------------------++-------
Melee: Unarmed           ||    13
       Dagger            ||    19
       Tailslap          ||     3
 Cast: Magic Dart        ||    31
  Eat: Chunk             ||     1
Armor: Skin              ||     7
Dodge: Dodged            ||    22

Table legend:
 A = Non-vault XP
 B = Vault XP
 C = Vault XP percentage of total XP
 D = Non-vault monster count
 E = Vault monster count
 F = Vault count percentage of total count
                 A         B        C        D         E       F
            +---------+---------+-------+---------+---------+-------
      Total |      54 |       0 |   0.0 |      18 |       0 |   0.0
            +---------+---------+-------+---------+---------+-------
        D:1 |      16 |       0 |   0.0 |      10 |       0 |   0.0
        D:2 |      38 |       0 |   0.0 |       8 |       0 |   0.0
            +---------+---------+-------+---------+---------+-------
